 Dungeon Crawl Stone Soup version 0.29-a0-1043-g569b05d6ff (webtiles) character file.

Game seed: 4070832467270594395

2121 ytrimaz the Transmogrifier (level 9, 0/59 HPs)
             Began as a Demonspawn Transmuter on Aug 16, 2022.
             Slain by Maggie
             ... wielding a +1 glaive of flaming
              (2 damage)
             ... on level 6 of the Dungeon.
             The game lasted 00:07:40 (7137 turns).

ytrimaz the Transmogrifier (Demonspawn Transmuter)  Turns: 7137, Time: 00:07:41

Health: 0/59       AC:  2    Str: 10    XL:     9   Next: 8%
Magic:  12/14      EV: 19    Int: 19    God:
Gold:   177        SH:  0    Dex: 23    Spells: 9/15 levels left

rFire   + . .      SeeInvis .     - Unarmed
rCold   . . .      Faith    .   (shield currently unavailable)
rNeg    . . .      Spirit   .   (body armour currently unavailable)
rPois   .          Reflect  .   (helmet currently unavailable)
rElec   .          Harm     .   (cloak currently unavailable)
rCorr   .          Rampage  .   (gloves currently unavailable)
Will    .....      Clarity  +   (boots currently unavailable)
Stlth   ++++......              (no amulet)
HPRegen 0.19/turn               n - ring of protection from fire
MPRegen 0.14/turn               l - ring of poison resistance

@: spider-form
A: venomous fangs, tiny, (antennae 1), thin skeletal structure 2, demonic
guardian 1, demonic magic 1, clarity, passive freeze, MP-powered wands
a: End Transformation


You were on level 6 of the Dungeon.
You were a venomous arachnid creature.
You visited 1 branch of the dungeon, and saw 6 of its levels.
You also visited: Sewer.

You collected 177 gold pieces.

Inventory:

Armour
 a - a +0 robe (melded)
Jewellery
 i - a ring of resist corrosion
 l - a ring of poison resistance (right front leg)
 n - a ring of protection from fire (left front leg)
Wands
 p - a wand of flame (12)
 w - a wand of acid (8)
Scrolls
 d - a scroll of poison
 e - 3 scrolls of blinking
 m - 2 scrolls of vulnerability
 o - a scroll of magic mapping
 q - 2 scrolls of amnesia
Potions
 b - a potion of lignification
 c - a potion of might
 f - a potion of flight {unknown}
 g - 2 potions of curing
 h - a potion of invisibility
 j - 3 potions of attraction {unknown}
 k - 4 potions of heal wounds {unknown}
 s - 2 potions of cancellation {unknown}
 t - 2 potions of magic {unknown}
 u - a potion of mutation


   Skills:
 - Level 1.0 Fighting
 - Level 1.7 Dodging
 + Level 5.2 Unarmed Combat
 + Level 3.8 Spellcasting
 + Level 8.8 Transmutations
 - Level 4.0 Poison Magic


You had 9 spell levels left.
You knew the following spells:

 Your Spells              Type           Power      Damage    Failure   Level
a - Beastly Appendage     Tmut           74%        N/A       3%          1
b - Wereblood             Tmut           37%        N/A       3%          2
c - Spider Form           Tmut/Pois      28%        N/A       11%         3

Your spell library contained the following spells:

 Spells                   Type           Power      Damage    Failure   Level
 Passwall                 Tmut/Erth      16%        N/A       12%         2
 Sandblast                Erth           6%         2d5       32%         1
 Ice Form                 Ice/Tmut       20%        N/A       43%         4
 Gell's Gravitas          Tloc           3%         N/A       61%         3
 Lesser Beckoning         Tloc           3%         N/A       61%         3
 Stone Arrow              Conj/Erth      6%         3d7       61%         3
 Teleport Other           Tloc           3%         N/A       61%         3


Dungeon Overview and Level Annotations

Branches:
Dungeon (6/15)              Sewer (visited)
 Temple: D:4-7

Altars:

Annotations:
D:3 1 runed translucent door, Crazy Yiuf
D:6 Maggie


Innate Abilities, Weirdness & Mutations

You are a venomous arachnid creature.
You have poisonous fangs.
You are tiny and dextrous.
Your spellcasting is less reliable in this form.
Your armour is entirely melded.
You are incapable of wielding weapons or throwing items.
((You have a pair of small antennae on your head.))
You have a moderately thin skeletal structure. (Dex +4, Stealth++)
A weak demonic guardian rushes to your aid.
Spells you cast may paralyse adjacent enemies.
You possess an exceptional clarity of mind.
A frigid envelope surrounds you and freezes all who hurt you.
You expend magic power (3 MP) to strengthen your wands.


Message History

The bolt of fire hits you! You resist.
* * * LOW HITPOINT WARNING * * *
A demonic guardian appears!
You hear an angry hiss.
You bite the water moccasin!
The water moccasin is poisoned.
The water moccasin is almost dead.
The water moccasin is no longer moving slowly.
The water moccasin misses you.
An iguana comes into view.
Maggie misses you.
Unknown command.
You kill the water moccasin!
Unknown command.
Casting: Spider Form (dangerous; 11% risk of failure)
Confirm with . or Enter, or press ? or * to list all spells.
You extend your transformation's duration.
Malevolent energies surge around you.
Unknown command.
You hit the iguana.
The iguana is poisoned.
The iguana is moderately wounded.
The iguana barely misses you.
You bite the iguana!
You kill the iguana!
Maggie mumbles some strange words.
Maggie attempts to bespell you!
You are unaffected.
Your shadow imp misses Maggie.
Maggie mumbles some strange words.
Maggie attempts to bespell you!
You are unaffected.
You see here an iguana corpse.
Your shadow imp barely misses Maggie.
Maggie hits your shadow imp with a +1 glaive of flaming!
Maggie burns your shadow imp.
Your shadow imp dies!
Your shadow imp disappears in a puff of smoke!
Maggie points at you and mumbles some strange words.
The bolt of fire hits you! You resist.
* * * LOW HITPOINT WARNING * * *
A demonic guardian appears!
Maggie hits you from afar with a +1 glaive of flaming.
You die...

###### #..#.# ..
....## ... ###....
.... #
#.....###.... ##.
#............
##(.#
#...<...#....
#.... ##.........#
......##.s.....###
#...#...†5....#
#..@##...#.....
#....#.####....
#..@.....# #...
#...........# ...
.......#.....?.. .
......##........
#....# .........


You could see Maggie (very poisoned, ally target) and a friendly ufetubus
(summoned).

Vanquished Creatures
  Grinder (Sewer)
  Sigmund (D:5)
  Edmund (D:5)
  2 water moccasins
  2 ogres
  4 phantoms
  A kobold brigand (Sewer)
  3 scorpions (D:5)
  A gnoll bouda (D:5)
  2 hounds (D:5)
  A jelly (D:4)
  2 iguanas
  3 orc wizards (D:5)
  4 adders
  6 gnolls
  3 shadow imps (Sewer)
  3 ufetubi (Sewer)
  An adder zombie (Sewer)
  3 worms
  4 dart slugs
  9 orcs (D:5)
  11 ball pythons
  A bat zombie (Sewer)
  7 endoplasms
  6 giant cockroaches
  4 hobgoblins
  3 jackals (D:3)
  3 quokkas
  4 bats
  4 frilled lizards
  A giant cockroach zombie (Sewer)
  7 goblins
  26 kobolds
  A kobold zombie (Sewer)
  3 rats
138 creatures vanquished.

Vanquished Creatures (collateral kills)
  A wraith (D:5)
  A kobold brigand (Sewer)
  A kobold (Sewer)
3 creatures vanquished.

Vanquished Creatures (others)
  2 fungi (D:3)
2 creatures vanquished.

Grand Total: 143 creatures vanquished

Notes
Turn   | Place    | Note
-------+----------+-------------------------------------------
     0 | D:1      | ytrimaz the Demonspawn Transmuter began the quest for the
                  | Orb.
     0 | D:1      | Reached XP level 1. HP: 15/15 MP: 3/3
   110 | D:1      | Reached skill level 2 in Transmutations
   261 | D:1      | Gained mutation: Spells you cast may paralyse adjacent
                  | enemies. [demonic ancestry]
   261 | D:1      | Reached XP level 2. HP: 16/21 MP: 1/5
   433 | D:1      | Found a faded altar of an unknown god.
  1369 | D:2      | Reached XP level 3. HP: 16/26 MP: 4/6
  1687 | D:2      | Gained mutation: You expend magic power (3 MP) to
                  | strengthen your wands. [potion of mutation]
  1687 | D:2      | Gained mutation: You have hidden genetic potential. [potion
                  | of mutation]
  2315 | D:2      | Learned a level 2 spell: Wereblood
  2319 | D:2      | Learned a level 3 spell: Spider Form
  2869 | D:3      | Gained mutation: You have a somewhat thin skeletal
                  | structure. (Dex +2, Stealth+) [demonic ancestry]
  2869 | D:3      | Reached XP level 4. HP: 29/32 MP: 5/7
  2876 | D:3      | Reached skill level 3 in Transmutations
  2947 | D:3      | Gained mutation: You possess an exceptional clarity of
                  | mind. [hidden potential]
  3575 | D:3      | Found a runed translucent door.
  3576 | D:3      | Noticed Crazy Yiuf
  3591 | D:4      | Noticed an ogre
  3603 | D:4      | Killed an ogre
  3604 | D:4      | Gained mutation: A weak demonic guardian rushes to your
                  | aid. [demonic ancestry]
  3604 | D:4      | Reached XP level 5. HP: 10/37 MP: 2/9
  3607 | D:4      | Gained mutation: A frigid envelope surrounds you and
                  | freezes all who hurt you. [hidden potential]
  3607 | D:4      | Lost mutation: You have hidden genetic potential. [hidden
                  | potential expressed]
  4088 | D:4      | Found a glowing drain.
  4098 | Sewer    | Entered a sewer
  4203 | Sewer    | Reached skill level 4 in Transmutations
  4210 | Sewer    | Found an ancient bone altar of Kikubaaqudgha.
  4233 | Sewer    | Reached XP level 6. HP: 18/43 MP: 10/10
  4242 | Sewer    | Noticed Grinder
  4261 | Sewer    | Paralysed by Grinder for 4 turns
  4270 | Sewer    | Killed Grinder
  4536 | Sewer    | Reached skill level 5 in Transmutations
  4536 | Sewer    | Gained mutation: You have a moderately thin skeletal
                  | structure. (Dex +4, Stealth++) [demonic ancestry]
  4536 | Sewer    | Reached XP level 7. HP: 43/48 MP: 7/12
  4556 | Sewer    | Reached skill level 5 in Unarmed Combat
  5254 | D:5      | Entered Level 5 of the Dungeon
  5278 | D:5      | Reached skill level 1 in Poison Magic
  5385 | D:5      | Reached skill level 6 in Transmutations
  5569 | D:5      | Reached XP level 8. HP: 53/54 MP: 9/13
  5694 | D:5      | Reached skill level 7 in Transmutations
  5919 | D:5      | Noticed Edmund
  5929 | D:5      | Killed Edmund
  6342 | D:5      | Reached skill level 8 in Transmutations
  6494 | D:5      | Noticed Sigmund
  6509 | D:5      | Killed Sigmund
  7010 | D:5      | Lost mutation: You have a pair of horns on your head.
                  | [demonic ancestry]
  7010 | D:5      | Lost mutation: You have a pair of small horns on your head.
                  | [demonic ancestry]
  7010 | D:5      | Gained mutation: You have a pair of small antennae on your
                  | head. [demonic ancestry]
  7010 | D:5      | Reached XP level 9. HP: 59/59 MP: 12/14
  7097 | D:6      | Noticed Maggie
  7136 | D:6      | HP: 2/59 [Maggie/bolt of fire (11)]
  7137 | D:6      | Slain by Maggie

Illustrated notes

Levels and vault maps discovered:
D:1:      dpeg_arrival_rooms_c, layout_basic, nicolae_ecumenical_snake_handling
D:2:      layout_basic
D:3:      layout_basic, uniq_crazy_yiuf_cottage
D:4:      layout_rooms, portal_sewer_entry_d
D:5:      layout_cave_pods, uniq_edmund, uniq_sigmund, uniq_grinder
D:6:      layout_cave_pools, minmay_temple_entry_statues, uniq_maggie,
          uniq_eustachio

Skill      XL: |  1  2  3  4  5  6  7  8 |
---------------+-------------------------+-----
Transmutations | 2 3 4 5 6 8 |  8.8
Unarmed Combat | 3 4 5 |  5.2
Spellcasting   | 3 |  3.8
Poison Magic   | 1 4 |  4.0
Fighting       | |  1.0
Dodging        | |  1.7

Action                   |  1- 3 |  4- 6 |  7- 9 || total
-------------------------+-------+-------+-------++-------
Melee: Unarmed           |   138 |   105 |   173 ||   416
       Kick              |    26 |     9 |     4 ||    39
       Headbutt          |    19 |     4 |     2 ||    25
       Punch             |     3 |     2 |     1 ||     6
 Cast: Beastly Appendage |    35 |    14 |     4 ||    53
       Spider Form       |       |     2 |    20 ||    22
       Wereblood         |       |     5 |     3 ||     8
  Use: Scroll            |     5 |     3 |     3 ||    11
       Potion            |     1 |     1 |     1 ||     3
 Stab: Paralysed         |     4 |     2 |       ||     6
       Sleeping          |       |     5 |     5 ||    10
Armor: Robe              |    37 |    23 |     3 ||    63
       Skin              |       |     7 |     4 ||    11
Dodge: Dodged            |   107 |    62 |   150 ||   319

Table legend: (Time is in decaauts)
 A = Elapsed time spent in this place.
 B = Non-inter-level travel time spent in this place.
 C = Inter-level travel time spent in this place.
 D = Time resting spent in this place.
 E = Time spent auto-exploring this place.
 F = Levels seen in this place.
 G = Mean time per level.
                   A        B        C        D        E       F      G
               +--------+--------+--------+--------+--------+-----+--------+
         Total |   7132 |   6983 |    149 |    246 |   5442 |   7 | 1018.9 |
       Dungeon |   6393 |   6244 |    149 |      3 |   5174 |   6 | 1065.5 |
         Sewer |    739 |    739 |      0 |    243 |    268 |   1 |  739.0 |
               +--------+--------+--------+--------+--------+-----+--------+

Top non-repeatable levels by time:
     D:5: 1842 daAuts
     D:1: 1339 daAuts
     D:2: 1210 daAuts
     D:3: 1088 daAuts
     D:4: 876 daAuts
   Sewer: 739 daAuts
     D:6: 36 daAuts
